 Dungeon Crawl Stone Soup version 0.29.0-4-gdea44cf6ec (webtiles) character file.

Game seed: 13508801579800261298

423 qw the Chopper (level 6, -13/35 HPs)
             Began as a Tengu Warper on Aug 28, 2022.
             Was a Follower of Okawaru.
             Mangled by an ogre
             ... wielding a +0 giant club
              (29 damage)
             ... on level 5 of the Dungeon.
             The game lasted 00:00:25 (4244 turns).

qw the Chopper (Tengu Warper)                       Turns: 4244, Time: 00:00:26

Health: -13/35     AC: 11    Str: 17    XL:     6   Next: 95%
Magic:  8/10       EV: 11    Int: 13    God:    Okawaru [*.....]
Gold:   298        SH:  0    Dex: 14    Spells: 9/9 levels left

rFire   + . .      SeeInvis .   Y - +1 hand axe
rCold   . . .      Faith    .   (no shield)
rNeg    + . .      Spirit   .   i - +0 chain mail
rPois   .          Reflect  .   (helmet restricted)
rElec   .          Harm     .   (no cloak)
rCorr   .          Rampage  .   f - +0 pair of gloves
Will    .....                   (boots unavailable)
Stlth   +.........              q - amulet of regeneration
HPRegen 0.91/turn               e - ring of Tampimok {rF+ rN+ Str+4 Stlth+}
MPRegen 0.12/turn               (no ring)

@: heroic, flying quickly and evasively, quick
A: beak, talons 3, nimble flight
a: Renounce Religion, Heroism


You were on level 5 of the Dungeon.
You worshipped Okawaru.
Okawaru was aware of your devotion.
You visited 2 branches of the dungeon, and saw 6 of its levels.

You collected 298 gold pieces.


Innate Abilities, Weirdness & Mutations

You have a beak for a mouth.
You have claws for feet.
Your magical nature lets you fly swiftly and evasively.


   Skills:
 + Level 2.0(7.0) Fighting
 - Level 7.6(12.6) Axes
 - Level 1.0(6.0) Throwing
 - Level 2.2(7.2) Armour
 - Level 2.1(7.1) Dodging
 - Level 2.0 Spellcasting
 - Level 2.4 Translocations
 + Level 0.0 Invocations


You had 9 spell levels left.
You didn't know any spells.
Your spell library contained the following spells:

 Spells                   Type           Power      Damage    Failure   Level
 Blink                    Tloc           14%        N/A       86%         2
 Gell's Gravitas          Tloc           7%         N/A       97%         3
 Lesser Beckoning         Tloc           7%         N/A       97%         3
 Teleport Other           Tloc           7%         N/A       97%         3
 Manifold Assault         Tloc           7%         N/A       100%        5

Inventory:

Hand Weapons
 k - a +0 whip
 Y - a +1 hand axe (weapon)
Missiles
 b - 5 boomerangs
 l - 3 javelins (quivered)
Armour
 f - a +0 pair of gloves (worn)
 i - a +0 chain mail (worn)
Jewellery
 e - the ring of Tampimok (left hand) {rF+ rN+ Str+4 Stlth+}
   (You acquired it on level 2 of the Dungeon)

   [ring of positive energy]

   Str:       It affects your strength (+4).
   rF:        It protects you from fire.
   rN:        It protects you from negative energy.
   Stlth:     It makes you more stealthy.
 q - an amulet of regeneration (around neck)
Scrolls
 a - 2 scrolls of teleportation
 c - a scroll of identify
Potions
 d - a potion of berserk rage {unknown}
 h - 4 potions of curing
 j - a potion of resistance

Dungeon Overview and Level Annotations

Branches:
Dungeon (5/15)             Temple (1/1) D:4

Altars:
Ashenzari
Cheibriados
Dithmenos
Elyvilon
Fedhas
Gozag
Hepliaklqana
Kikubaaqudgha
Nemelex Xobeh
Okawaru
Ru
Sif Muna
Uskayaw
Vehumet
Yredelemnul

Shops:
D:3 (


Message History

The ball of steam misses you.
You slash the steam dragon!
You kill the steam dragon!
Okawaru is honoured by your kill.
You can now gain great but temporary skills.
Your Axes skill increases to level 7!
a - 2 scrolls of teleportation (gained 1)
You now have 298 gold pieces (gained 9).
An ogre comes into view. It is wielding a +0 giant club.
The ogre shouts!
Enter note:
Enter note:
Enter note:
Enter note:
Enter note:
Enter note:
4236 ||| INVOKING Heroism.
You fail to use your ability.
4237 ||| INVOKING Heroism.
You gain the combat prowess of a mighty hero.
Throw: 5 javelins
Press: ? - help, Q - select action, (/) - cycle Shift-Dir - straight line, f - ogre You throw a javelin.
The javelin pierces through the ogre!
The ogre is moderately wounded.
An orc comes into view.
It is wielding a +1 short sword of protection.
4239 ||| Stepping ~*~*~tactically~*~*~ (stealth).
Throw: 4 javelins
Press: ? - help, Q - select action, (/) - cycle Shift-Dir - straight line, f/p - ogre You throw a javelin.
The javelin barely misses the ogre.
A scorpion comes into view.
You barely miss the ogre.
The ogre is moderately wounded.
The ogre hits you with a +0 giant club!!
Ouch! That really hurt!
You barely miss the ogre.
The ogre is moderately wounded.
You hit the ogre but do no damage. You peck the ogre.
The ogre is heavily wounded.
The ogre hits you with a +0 giant club!!
Ouch! That really hurt!
You die...

.o...#(....#...........
.....(..........#.##..
...........#...#..+..
........###....####..
######.......###.....###..
#........s.........#..##..
#......##........####.##..
#......##O....... #..#.¤
#......##@....##### ##..¤.
#.............#...# ##...
#..........####...######..
#######....####........#.#
######...............#..
#............##.........
#..............#####....
#......#####...#####....
#.......................


You could see an ogre and a scorpion.

Vanquished Creatures
  A steam dragon (D:5)
  A scorpion (D:4)
  2 orc priests
  An iguana (D:4)
  An orc wizard (D:4)
  4 adders
  An ufetubus (D:4)
  2 dart slugs
  4 orcs
  6 bats
  11 endoplasms
  A giant cockroach (D:1)
  10 goblins
  4 hobgoblins
  2 quokkas
  8 ball pythons
  6 frilled lizards
  8 kobolds
  8 rats (D:1)
81 creatures vanquished.

Notes
Turn   | Place    | Note
-------+----------+-------------------------------------------
     0 | D:1      | qw the Tengu Warper began the quest for the Orb.
     0 | D:1      | Reached XP level 1. HP: 12/12 MP: 4/4
     0 | D:1      | 0 ||| qw: Version: 0.1-a-89-g26bdef1
     0 | D:1      | 0 ||| qw: Game counter: 3028
     0 | D:1      | 0 ||| qw: Always use a shield: true
     0 | D:1      | 0 ||| qw: God list: Okawaru
     0 | D:1      | 0 ||| qw: Allow faded altars: false
     0 | D:1      | 0 ||| qw: Do Orc after D:15 true
     0 | D:1      | 0 ||| qw: Do second Lair branch before Depths: true
     0 | D:1      | 0 ||| qw: Lair rune preference: random
     0 | D:1      | 0 ||| qw: Plans: Normal
     0 | D:1      | 0 ||| PLANNING D:1-11
   181 | D:1      | Reached skill level 3 in Axes
   181 | D:1      | Reached XP level 2. HP: 17/17 MP: 6/6
   559 | D:1      | 559 ||| Stepping ~*~*~tactically~*~*~ (stealth).
   560 | D:1      | 560 ||| Stepping ~*~*~tactically~*~*~ (stealth).
   564 | D:1      | 564 ||| Stepping ~*~*~tactically~*~*~ (stealth).
   565 | D:1      | 565 ||| Stepping ~*~*~tactically~*~*~ (stealth).
   796 | D:1      | 796 ||| DROPPING +0 club.
   808 | D:1      | Reached XP level 3. HP: 21/21 MP: 7/7
  1099 | D:1      | Found a faded altar of an unknown god.
  1124 | D:1      | 1124 ||| UPGRADING to +0 ring mail.
  1134 | D:1      | 1134 ||| DROPPING +0 leather armour.
  1135 | D:1      | 1135 ||| UPGRADING to +0 pair of gloves.
  1140 | D:1      | 1140 ||| READING scroll labelled SIHOTW HETZUM.
  1141 | D:1      | 1141 ||| READING scroll labelled OLEKYXT OVOSU.
  1142 | D:1      | 1142 ||| DRINKING 3 bubbling white potions.
  1143 | D:1      | 1143 ||| DROPPING scroll of blinking.
  1299 | D:2      | Reached skill level 4 in Axes
  1326 | D:2      | 1326 ||| Stepping ~*~*~tactically~*~*~ (stealth).
  1344 | D:2      | 1344 ||| Stepping ~*~*~tactically~*~*~ (hiding).
  1360 | D:2      | Reached XP level 4. HP: 13/26 MP: 8/8
  1386 | D:2      | 1386 ||| FLEEEEING.
  1657 | D:2      | Reached skill level 5 in Axes
  1881 | D:2      | 1881 ||| READING 2 scrolls labelled GYPTAO NIZACHE.
  1885 | D:2      | 1885 ||| READING 2 scrolls labelled BACSOUX ISURGH.
  1886 | D:2      | 1886 ||| READING scroll labelled ZYDWYS LEILO.
  1887 | D:2      | 1887 ||| READING scroll labelled ASHROSO NEIWK.
  1887 | D:2      | Identified a scroll of acquirement
  1887 | D:2      | 1887 ||| ACQUIRING ring of Tampimok {rF+ rN+ Str+4 Stlth+}
  1887 | D:2      | Acquired the ring of Tampimok {rF+ rN+ Str+4 Stlth+}
  1889 | D:2      | 1889 ||| UPGRADING to ring of Tampimok {rF+ rN+ Str+4
                  | Stlth+}.
  2043 | D:3      | 2043 ||| Stepping ~*~*~tactically~*~*~ (stealth).
  2157 | D:3      | 2157 ||| Stepping ~*~*~tactically~*~*~ (stealth).
  2159 | D:3      | 2159 ||| Stepping ~*~*~tactically~*~*~ (stealth).
  2161 | D:3      | 2161 ||| Stepping ~*~*~tactically~*~*~ (stealth).
  2319 | D:3      | Found a blossoming altar of Fedhas.
  2380 | D:3      | Gained mutation: Your magical nature lets you fly swiftly
                  | and evasively. [Tengu growth]
  2380 | D:3      | Reached XP level 5. HP: 30/30 MP: 9/9
  2386 | D:3      | Found Agres's Weapon Boutique.
  2718 | D:3      | 2718 ||| UPGRADING to +0 chain mail.
  2728 | D:3      | 2728 ||| DROPPING +0 ring mail.
  2729 | D:3      | 2729 ||| UPGRADING to amulet of regeneration.
  2734 | D:3      | 2734 ||| READING scroll labelled SIQ HUAVOIREZE.
  2735 | D:3      | 2735 ||| READING scroll labelled RUASIW YKHLEO.
  2748 | D:3      | 2748 ||| READING scroll labelled CESET OT GAEL.
  2749 | D:3      | 2749 ||| READING scroll labelled JISKEG XON FYO.
  2750 | D:3      | 2750 ||| READING 2 scrolls of identify.
  2750 | D:3      | 2750 ||| IDENTIFYING fizzy red potion
  2751 | D:3      | 2751 ||| DROPPING potion of magic.
  2752 | D:3      | 2752 ||| READING 2 scrolls of teleportation.
  2882 | D:4      | Found a staircase to the Ecumenical Temple.
  2883 | D:4      | 2883 ||| PLANNING TEMPLE
  2883 | D:4      | 2883 ||| READING 2 scrolls of identify.
  2883 | D:4      | 2883 ||| IDENTIFYING metallic inky potion
  2884 | D:4      | 2884 ||| DROPPING potion of ambrosia.
  2893 | Temple   | Entered the Ecumenical Temple
  2902 | Temple   | Became a worshipper of Warmaster Okawaru
  3124 | Temple   | 3124 ||| PLANNING D:1-11
  3327 | D:4      | Reached skill level 6 in Axes
  3479 | D:4      | 3479 ||| Stepping ~*~*~tactically~*~*~ (hiding).
  3483 | D:4      | 3483 ||| FLEEEEING.
  3484 | D:4      | 3484 ||| FLEEEEING.
  3485 | D:4      | 3485 ||| FLEEEEING.
  3486 | D:4      | 3486 ||| FLEEEEING.
  3487 | D:4      | 3487 ||| FLEEEEING.
  3488 | D:4      | 3488 ||| FLEEEEING.
  3489 | D:4      | 3489 ||| FLEEEEING.
  3525 | D:4      | Reached XP level 6. HP: 18/35 MP: 10/10
  3921 | D:4      | 3921 ||| READING scroll labelled YTUCUIGHIUTT.
  3922 | D:4      | 3922 ||| READING scroll labelled AQIKIV TUATUIJ.
  4023 | D:4      | 4023 ||| DRINKING 2 brown potions.
  4024 | D:4      | 4024 ||| READING 3 scrolls of identify.
  4024 | D:4      | 4024 ||| IDENTIFYING pink potion
  4025 | D:4      | 4025 ||| READING 2 scrolls of identify.
  4025 | D:4      | 4025 ||| IDENTIFYING bubbling emerald potion
  4026 | D:4      | 4026 ||| DROPPING potion of invisibility.
  4034 | D:5      | Entered Level 5 of the Dungeon
  4092 | D:5      | Found a basalt altar of Yredelemnul.
  4117 | D:5      | Noticed a steam dragon
  4134 | D:5      | HP: 3/35 [steam dragon/ball of steam (8)]
  4135 | D:5      | 4135 ||| READING 2 scrolls of teleportation.
  4135 | D:5      | HP: 1/35 [steam dragon (3)]
  4136 | D:5      | 4136 ||| DRINKING potion of heal wounds.
  4187 | D:5      | Killed a steam dragon
  4187 | D:5      | Reached * piety under Okawaru
  4188 | D:5      | Reached skill level 7 in Axes
  4236 | D:5      | 4236 ||| INVOKING Heroism.
  4237 | D:5      | 4237 ||| INVOKING Heroism.
  4239 | D:5      | 4239 ||| Stepping ~*~*~tactically~*~*~ (stealth).
  4244 | D:5      | Mangled by an ogre

Levels and vault maps discovered:
D:1:      wheals_arrival_linesprint, layout_basic, basic_ecumenical_altar,
          minmay_misc_feat_alley
D:2:      layout_rooms, interstate_on_off
D:3:      layout_loops_corners, mainiacjoe_overflow_paths, serial_shops,
          nicolae_shop_bloodbath_and_beyond
D:4:      layout_loops_corners, minmay_temple_entry_antechambers
D:5:      layout_basic, grunt_temple_overflow_open,
          mainiacjoe_overflow_tiny_flanked
Temple:   compressed_dpeg_triangle_lava_temple

Skill      XL: |  1  2  3  4  5  6 |
---------------+-------------------+-----
Axes           | 3 4 5 6 7 |  7.6
Armour         | 2 |  2.2
Fighting       | |  2.0
Throwing       | |  1.0
Dodging        | |  2.1
Spellcasting   | |  2.0
Translocations | |  2.4

Action                   |  1- 3 |  4- 6 || total
-------------------------+-------+-------++-------
Melee: Hand axe          |    72 |   106 ||   178
       Kick              |    14 |    28 ||    42
       Peck              |    13 |    14 ||    27
       Punch             |     1 |       ||     1
Throw: Boomerang         |     7 |       ||     7
       Javelin           |       |    29 ||    29
Invok: Heroism           |       |     1 ||     1
  Use: Scroll            |     2 |    16 ||    18
       Potion            |     1 |     2 ||     3
Armor: Leather armour    |     6 |       ||     6
       Ring mail         |     9 |    19 ||    28
       Chain mail        |       |    20 ||    20
Dodge: Dodged            |    37 |    44 ||    81

Table legend:
 A = Non-vault XP
 B = Vault XP
 C = Vault XP percentage of total XP
 D = Non-vault monster count
 E = Vault monster count
 F = Vault count percentage of total count
                 A         B        C        D         E       F
            +---------+---------+-------+---------+---------+-------
      Total |     605 |       0 |   0.0 |      81 |       0 |   0.0
            +---------+---------+-------+---------+---------+-------
        D:1 |      37 |       0 |   0.0 |      25 |       0 |   0.0
        D:2 |      86 |       0 |   0.0 |      20 |       0 |   0.0
        D:3 |      52 |       0 |   0.0 |      15 |       0 |   0.0
        D:4 |     240 |       0 |   0.0 |      20 |       0 |   0.0
        D:5 |     190 |       0 |   0.0 |       1 |       0 |   0.0
            +---------+---------+-------+---------+---------+-------
